 Dungeon Crawl Stone Soup version 0.31-a0-430-gf8416d752b (webtiles) character file.

Game seed: 11828925314577817243

869 AdnanSaban the Cudgeller (level 8, -1/48 HPs)
             Began as a Gargoyle Fighter on July 31, 2023.
             Slain by an orc wizard
             ... wielding a +0 dagger
              (3 damage)
             ... on level 5 of the Dungeon.
             The game lasted 00:03:32 (4276 turns).

AdnanSaban the Cudgeller (Gargoyle Fighter)         Turns: 4276, Time: 00:03:32

Health: -1/48      AC: 14    Str: 22    XL:     8   Next: 3%
Magic:  8/8        EV: 10    Int:  9    God:
Gold:   313        SH:  0    Dex:  9    Spells: 7/7 levels left

rFire   . . .        v - +0 morningstar
rCold   . . .        c - +0 buckler
rNeg    + + .        b - +0 scale mail
rPois   ∞            y - +0 helmet
rElec   +            (no cloak)
rCorr   .            (no gloves)
SInv    .            (no boots)
Will    .....        (no amulet) Stlth
                     l - ring of positive energy
HPRegen 0.28/turn    (no ring)
MPRegen 0.11/turn

%: no passive effects
@: confused
A: sickness immunity, AC +5, negative energy resistance 1, electricity
resistance, torment resistance 1, petrification resistance
a: no special abilities


You were on level 5 of the Dungeon.
You visited 1 branch of the dungeon, and saw 5 of its levels.

You collected 313 gold pieces.

Inventory:

Hand Weapons
 v - a +0 morningstar (weapon)
Missiles
 g - 10 poisoned darts
Armour
 b - a +0 scale mail (worn)
 c - a +0 buckler (worn)
 y - a +0 helmet (worn)
Jewellery
 l - a ring of positive energy (left hand)
 u - a ring of fire
 x - a ring of positive energy
Scrolls
 e - a scroll of enchant weapon {unknown}
 f - 5 scrolls of teleportation {unknown}
 h - a scroll of vulnerability {unknown}
 i - 3 scrolls of identify {unknown}
 k - 4 scrolls of noise {unknown}
 m - a scroll of fog {unknown}
 p - a scroll of amnesia {unknown}
 r - a scroll of poison {unknown}
 t - 2 scrolls of immolation {unknown}
Potions
 a - 2 potions of magic {unknown}
 d - a potion of might
 j - 2 potions of invisibility {unknown}
 n - a potion of enlightenment {unknown}
 o - a potion of cancellation {unknown}
 q - a potion of lignification {unknown}
 s - 2 potions of degeneration {unknown}
 w - a potion of attraction {unknown}
 z - a potion of resistance {unknown}
 A - 2 potions of curing {unknown}


   Skills:
 + Level 4.9 Fighting
 + Level 6.3 Maces & Flails
 + Level 5.1 Armour
 + Level 1.4 Dodging
 + Level 0.8 Stealth
 + Level 4.6 Shields


You had 7 spell levels left.
You didn't know any spells.
Your spell library contained the following spells:

 Spells                   Type           Power      Damage    Failure   Level
 Sandblast                Erth           0%         2d4       77%         1
 Passwall                 Tmut/Erth      0%         N/A       88%         2
 Frozen Ramparts          Ice            0%         1d1       98%         3
 Hailstorm                Conj/Ice       0%         3d3       98%         3
 Stone Arrow              Conj/Erth      0%         3d7       98%         3
 Summon Ice Beast         Ice/Summ       0%         N/A       100%        4
 Shatter                  Erth           0%         3d5*      100%        9


Dungeon Overview and Level Annotations

Branches:
Dungeon (5/15)
 Temple: D:4-7

Altars:
Elyvilon
The Shining One


Innate Abilities, Weirdness & Mutations

You are immune to sickness and miasma.
Your stone body is resilient. (AC +5)
You are immune to poison.
You resist negative energy. (rN+)
You are resistant to electric shocks. (rElec)
You are resistant to unholy torment.
You are immune to petrification.


Message History

You miss something. Something hits you but does no damage.
You hear some strange, mumbled words.
A puff of flame appears from out of thin air!
The puff of flame hits you but does no damage.
You barely miss something.
You hear some strange, mumbled words.
A puff of flame appears from out of thin air!
The puff of flame hits you! Something hits you but does no damage.
You barely miss something.
Something hits you but does no damage. x2
Something completely misses you. Something hits you but does no damage.
You miss something.
Something hits you but does no damage. x2
You miss something. Something hits you but does no damage. Something hits you.
You barely miss something. You block something's attack.
Something hits you but does no damage.
You barely miss something. Something hits you.
Something hits you but does no damage.
You miss something.
You hear some strange, mumbled words.
You are confused.
Something hits you.
* * * LOW HITPOINT WARNING * * *
Something hits you but does no damage. x2
You puncture something! Something hits you but does no damage.
Something hits you.
* * * LOW HITPOINT WARNING * * *
You closely miss something.
Something hits you but does no damage. x2
You miss something.
Something hits you but does no damage. x2
You completely miss something. Something hits you.
* * * LOW HITPOINT WARNING * * *
Something hits you but does no damage.
You completely miss something.
You feel less confused.
You hear some strange, mumbled words.
You are confused.
Something hits you.
* * * LOW HITPOINT WARNING * * *
Something hits you.
* * * LOW HITPOINT WARNING * * *
Something hits you.
You die...

.......<....#.#..###...
#######..........# #...
###...####.# #...
##.......# #...
#.####### #... #####.#
#... #...).# #...
#.##### ..#. #.#####@#
. #....o{{# . #########
. . # ## #. ###. #)).


You could see an orc.

Vanquished Creatures
  A water moccasin (D:5)
  A black bear (D:5)
  2 phantoms
  A howler monkey (D:5)
  A quasit (D:5)
  An orc priest (D:5)
  2 hounds (D:4)
  A jelly (D:5)
  Terence (D:3)
  An orc wizard (D:2)
  4 gnolls (D:2)
  8 adders
  2 worms
  2 dart slugs
  19 orcs
  6 endoplasms
  8 giant cockroaches
  16 goblins
  13 hobgoblins
  10 jackals
  8 kobolds
  3 quokkas
  7 ball pythons
  9 bats
  8 frilled lizards
  2 goblin skeletons (D:5)
  2 goblin zombies (D:5)
  2 hobgoblin zombies (D:5)
  A kobold skeleton (D:5)
  An orc zombie (D:5)
  8 rats
151 creatures vanquished.

Vanquished Creatures (others)
  A frilled lizard (D:1)
1 creature vanquished.

Grand Total: 152 creatures vanquished

Notes
Turn   | Place    | Note
-------+----------+-------------------------------------------
     0 | D:1      | AdnanSaban the Gargoyle Fighter began the quest for the
                  | Orb.
     0 | D:1      | Reached XP level 1. HP: 14/14 MP: 1/1
    67 | D:1      | Reached XP level 2. HP: 19/19 MP: 2/2
   367 | D:1      | Reached XP level 3. HP: 23/23 MP: 3/3
   937 | D:2      | HP: 1/24 [gnoll/+0 flail (6)]
   940 | D:2      | Reached skill level 3 in Maces & Flails
   940 | D:2      | Reached XP level 4. HP: 2/29 MP: 4/4
  1415 | D:2      | Reached XP level 5. HP: 18/33 MP: 5/5
  2070 | D:3      | Reached skill level 4 in Maces & Flails
  2326 | D:3      | Found a white marble altar of Elyvilon.
  2494 | D:3      | Reached XP level 6. HP: 38/38 MP: 6/6
  2654 | D:3      | Noticed Terence
  2660 | D:3      | Killed Terence
  2835 | D:3      | Reached skill level 1 in Dodging
  3381 | D:4      | Reached skill level 5 in Maces & Flails
  3381 | D:4      | Reached XP level 7. HP: 44/44 MP: 7/7
  3937 | D:5      | Entered Level 5 of the Dungeon
  4028 | D:5      | Got the Compendium of the Nightingale
  4047 | D:5      | Found a glowing golden altar of the Shining One.
  4114 | D:5      | Reached skill level 5 in Armour
  4173 | D:5      | Reached skill level 6 in Maces & Flails
  4178 | D:5      | Reached XP level 8. HP: 41/48 MP: 8/8
  4276 | D:5      | HP: 2/48 [something (3)]
  4276 | D:5      | Slain by an orc wizard

Illustrated notes

Levels and vault maps discovered:
D:1:      minmay_arrival_loop, layout_basic
D:2:      cheibrodos_greedy_goblins, layout_loops_cross, serial_bayou,
          serial_bayou_crossing, serial_bayou_lagoon_a, serial_bayou_pond_b,
          serial_bayou_ford_a, minmay_joined_circles
D:3:      layout_loops_ring, elyvilon_altar_5, grunt_ministairs_2,
          serial_bayou_pond_b, st_stairs_14, roderic_nine_men_s_morris,
          minmay_hedge_maze, uniq_terence
D:4:      layout_loops_ring, minmay_misc_feat_roman,
          chequers_serial_rivers_large_a
D:5:      layout_loops_cross, makhleb_grotto_becter,
          nicolae_tso_besieged_by_evil, uniq_crazy_yiuf_cottage

Skill      XL: |  1  2  3  4  5  6  7 |
---------------+----------------------+-----
Maces & Flails | 3 4 5 6 |  6.3
Armour         | 4 5 |  5.1
Fighting       | 4 |  4.9
Shields        | 4 |  4.6
Dodging        | 1 |  1.4
Stealth        | |  0.8

Action                     |  1- 3 |  4- 6 |  7- 9 || total
---------------------------+-------+-------+-------++-------
  Melee: Flail             |   123 |   217 |       ||   340
         Morningstar       |       |    85 |   142 ||   227
 Armour: Scale mail        |    77 |   230 |   120 ||   427
  Dodge: Dodged            |    70 |   183 |    57 ||   310
  Block: Buckler           |    26 |    88 |    25 ||   139

Table legend: (Time is in decaauts)
 A = Elapsed time spent in this place.
 B = Non-inter-level travel time spent in this place.
 C = Inter-level travel time spent in this place.
 D = Time resting spent in this place.
 E = Time spent auto-exploring this place.
 F = Levels seen in this place.
 G = Mean time per level.
                   A        B        C        D        E       F      G
               +--------+--------+--------+--------+--------+-----+--------+
         Total |   4466 |   4395 |     71 |     53 |   3264 |   5 |  893.2 |
       Dungeon |   4466 |   4395 |     71 |     53 |   3264 |   5 |  893.2 |
               +--------+--------+--------+--------+--------+-----+--------+

Top non-repeatable levels by time:
     D:2: 1333 daAuts
     D:3: 1045 daAuts
     D:1: 906 daAuts
     D:4: 820 daAuts
     D:5: 360 daAuts
